TOP OF THE 1ST |
Omaha Storm Chasers batting - Pitching for Durham Bulls : RHP Scott Shank
|
Pitching: RHP Scott Shank
|
|
Batting: LHB Jim Pankratz
|
0-0: DOUBLE (Line Drive, 78D, EV 101.9 MPH)
|
Batting: LHB Robby Diaz
|
0-0: Ground out 4-3 (Groundball, 4, EV 100.0 MPH) Jim Pankratz to third
|
Batting: LHB Manny Estrada
|
0-0: Ball 1-0: Ball 2-0: Ball 3-0: Base on Balls
|
Batting: RHB Walt Cogswell
|
0-0: Fly out, F8 (Flyball, 8LD, EV 101.2 MPH) Runner from 3rd tags up, SCORES, throw by CF
|
Batting: SHB Ryoji Hiraoka
|
0-0: Swinging Strike 0-1: Reached on error, E4 (Groundball, 34S, EV 86.2 MPH) Manny Estrada to third
|
Batting: RHB Yuichi Takata
|
0-0: Called Strike 0-1: Swinging Strike 0-2: Ball Wild Pitch! Manny Estrada scores Ryoji Hiraoka to third 1-2: SINGLE (Groundball, P, EV 83.8 MPH) (infield hit) Ryoji Hiraoka scores
|
Batting: RHB Colin Boddy
|
0-0: Ball 1-0: Swinging Strike 1-1: Foul Ball, location: 2F 1-2: Ball 2-2: SINGLE (Groundball, 6MD, EV 96.9 MPH) Yuichi Takata to second Runner from 2nd tries for 3rd, OUT! 8-5
|
Top of the 1st over - 3 runs, 3 hits, 1 error, 1 left on base; Omaha 3 - Durham 0 |
BOTTOM OF THE 1ST |
Durham Bulls batting - Pitching for Omaha Storm Chasers : RHP Antonio Santos
|
Pitching: RHP Antonio Santos
|
|
Batting: RHB Nick Sharp
|
0-0: Fly out, F4 (Popup, 34, EV 65.6 MPH)
|
Batting: LHB Mark Marvin
|
0-0: Ball 1-0: Called Strike 1-1: Ball 2-1: Ball 3-1: Swinging Strike 3-2: SINGLE (Groundball, 34D, EV 96.9 MPH)
|
Batting: LHB Davion Lewis
|
0-0: Ball 1-0: Ball 2-0: Foul Ball, location: 2F 2-1: Fly out, F7 (Flyball, 7D, EV 87.5 MPH)
|
Batting: RHB David Ward
|
0-0: Ball 1-0: Called Strike 1-1: Fly out, F8 (Flyball, 78M, EV 86.2 MPH)
|
Bottom of the 1st over - 0 runs, 1 hit, 0 errors, 1 left on base; Omaha 3 - Durham 0 |
TOP OF THE 2ND |
Omaha Storm Chasers batting - Pitching for Durham Bulls : RHP Scott Shank
|
Batting: RHB Aaron Matthews
|
0-0: Ball 1-0: Ball 2-0: Ground out 6-3 (Groundball, 6, EV 82.5 MPH)
|
Batting: LHB Chris Eaker
|
0-0: Ground out 6-3 (Groundball, 6M, EV 105.6 MPH)
|
Batting: LHB Jim Pankratz
|
0-0: Fly out, F8 (Flyball, 8LD, EV 106.2 MPH)
|
Top of the 2nd over - 0 runs, 0 hits, 0 errors, 0 left on base; Omaha 3 - Durham 0 |
BOTTOM OF THE 2ND |
Durham Bulls batting - Pitching for Omaha Storm Chasers : RHP Antonio Santos
|
Batting: SHB Brett McEwen
|
0-0: Ball 1-0: Ball 2-0: Ground out 5-3 (Groundball, 56S, EV 62.5 MPH)
|
Batting: LHB Jake Rheaume
|
0-0: Called Strike 0-1: Foul Ball, location: 2F 0-2: Foul Ball, location: 2F 0-2: Foul Ball, location: 2F 0-2: Foul Ball, location: 2F 0-2: Ball 1-2: Ball 2-2: DOUBLE (Line Drive, 78D, EV 103.1 MPH)
|
Batting: RHB Kevin Benfield
|
0-0: Ball 1-0: Swinging Strike 1-1: Foul Ball, location: 2F 1-2: Ground out 6-3 (Groundball, 6, EV 82.5 MPH) Jake Rheaume to third
|
Batting: RHB Jonathan Fraire
|
0-0: Foul Ball, location: 2F 0-1: SINGLE (Groundball, 25, EV 73.8 MPH) (infield hit) Jake Rheaume scores
|
Batting: LHB Mario Ocana
|
Pickoff Play to 1st, Runner tries for 2nd, OUT after rundown.
|
Bottom of the 2nd over - 1 run, 2 hits, 0 errors, 0 left on base; Omaha 3 - Durham 1 |
TOP OF THE 3RD |
Omaha Storm Chasers batting - Pitching for Durham Bulls : RHP Scott Shank
|
Batting: LHB Robby Diaz
|
0-0: Ball 1-0: Called Strike 1-1: Foul Ball, location: 2F 1-2: Ball 2-2: Strikes out looking
|
Batting: LHB Manny Estrada
|
0-0: Foul Ball, location: 2F 0-1: Hit by Pitch
|
Batting: RHB Walt Cogswell
|
0-0: Called Strike 0-1: Fly out, F8 (Flyball, 78XD, EV 90.6 MPH)
|
Batting: SHB Ryoji Hiraoka
|
0-0: Foul Ball, location: 2F 0-1: Ball 1-1: Ball 2-1: Foul Ball, location: 2F 2-2: Strikes out swinging
|
Top of the 3rd over - 0 runs, 0 hits, 0 errors, 1 left on base; Omaha 3 - Durham 1 |
BOTTOM OF THE 3RD |
Durham Bulls batting - Pitching for Omaha Storm Chasers : RHP Antonio Santos
|
Batting: LHB Mario Ocana
|
0-0: Foul Ball, location: 2F 0-1: Ball 1-1: Ball 2-1: Called Strike 2-2: SINGLE (Groundball, 23, EV 70.6 MPH) (infield hit)
|
Batting: RHB Nick Sharp
|
0-0: Swinging Strike 0-1: Ball Wild Pitch! Mario Ocana to second 1-1: Foul Ball, location: 2F 1-2: Foul Ball, location: 2F 1-2: Strikes out looking
|
Batting: LHB Mark Marvin
|
0-0: Ground out 6-3 (Groundball, 6, EV 81.2 MPH)
|
Batting: LHB Davion Lewis
|
0-0: Fly out, F7 (Line Drive, 78M, EV 105.6 MPH)
|
Bottom of the 3rd over - 0 runs, 1 hit, 0 errors, 1 left on base; Omaha 3 - Durham 1 |
TOP OF THE 4TH |
Omaha Storm Chasers batting - Pitching for Durham Bulls : RHP Scott Shank
|
Batting: RHB Yuichi Takata
|
0-0: Called Strike 0-1: Swinging Strike 0-2: Strikes out swinging
|
Batting: RHB Colin Boddy
|
0-0: Ball 1-0: Ball 2-0: Called Strike 2-1: Called Strike 2-2: Ball 3-2: Strikes out swinging
|
Batting: RHB Aaron Matthews
|
0-0: Swinging Strike 0-1: Ball 1-1: Foul Ball, location: 2F 1-2: Strikes out looking
|
Top of the 4th over - 0 runs, 0 hits, 0 errors, 0 left on base; Omaha 3 - Durham 1 |
BOTTOM OF THE 4TH |
Durham Bulls batting - Pitching for Omaha Storm Chasers : RHP Antonio Santos
|
Batting: RHB David Ward
|
0-0: Ball 1-0: Foul Ball, location: 2F 1-1: Ball 2-1: Swinging Strike 2-2: Ground out 3-1 (Groundball, 34, EV 99.4 MPH)
|
Batting: SHB Brett McEwen
|
0-0: Ball 1-0: Ball 2-0: Called Strike 2-1: Ball 3-1: Foul Ball, location: 2F 3-2: Strikes out looking
|
Batting: LHB Jake Rheaume
|
0-0: Ball 1-0: Ball 2-0: Called Strike 2-1: Ball 3-1: Base on Balls
|
Batting: RHB Kevin Benfield
|
0-0: Ball 1-0: Called Strike 1-1: Foul Ball, location: 2F 1-2: Ball 2-2: Ball 3-2: Foul Ball, location: 2F 3-2: Strikes out swinging
|
Bottom of the 4th over - 0 runs, 0 hits, 0 errors, 1 left on base; Omaha 3 - Durham 1 |
TOP OF THE 5TH |
Omaha Storm Chasers batting - Pitching for Durham Bulls : RHP Scott Shank
|
Batting: LHB Chris Eaker
|
0-0: Ball 1-0: Ball 2-0: Swinging Strike 2-1: Foul Ball, location: 2F 2-2: Strikes out swinging
|
Batting: LHB Jim Pankratz
|
0-0: Ball 1-0: Foul Ball, location: 2F 1-1: Ball 2-1: Ball 3-1: Called Strike 3-2: Base on Balls
|
Batting: LHB Robby Diaz
|
0-0: Ball 1-0: Ball 2-0: Swinging Strike 2-1: Foul Ball, location: 2F 2-2: Ball 3-2: Strikes out swinging Jim Pankratz steals 2nd base (no throw) Batter strikes out.
|
Batting: LHB Manny Estrada
|
0-0: Ball 1-0: Ball 2-0: Ball 3-0: Called Strike 3-1: Called Strike 3-2: Foul Ball, location: 2F 3-2: Base on Balls
|
Batting: RHB Walt Cogswell
|
0-0: Ball 1-0: Swinging Strike 1-1: Foul Ball, location: 2F 1-2: Strikes out looking
|
Top of the 5th over - 0 runs, 0 hits, 0 errors, 2 left on base; Omaha 3 - Durham 1 |
BOTTOM OF THE 5TH |
Durham Bulls batting - Pitching for Omaha Storm Chasers : RHP Antonio Santos
|
Batting: RHB Jonathan Fraire
|
0-0: Swinging Strike 0-1: Fly out, F8 (Flyball, 8RXD, EV 102.5 MPH)
|
Batting: LHB Mario Ocana
|
0-0: Ground out 6-3 (Groundball, 6M, EV 106.2 MPH)
|
Batting: RHB Nick Sharp
|
0-0: Fly out, F9 (Flyball, 9D, EV 95.0 MPH)
|
Bottom of the 5th over - 0 runs, 0 hits, 0 errors, 0 left on base; Omaha 3 - Durham 1 |
TOP OF THE 6TH |
Omaha Storm Chasers batting - Pitching for Durham Bulls : RHP Scott Shank
|
Batting: SHB Ryoji Hiraoka
|
0-0: Foul Ball, location: 2F 0-1: Fly out, F8 (Flyball, 8LD, EV 110.0 MPH)
|
Batting: RHB Yuichi Takata
|
0-0: Ball 1-0: Called Strike 1-1: DOUBLE (Flyball, 8LXD, EV 105.0 MPH)
|
Batting: RHB Colin Boddy
|
0-0: Ball 1-0: Ball 2-0: Ball 3-0: Called Strike 3-1: Swinging Strike 3-2: Base on Balls
|
Batting: RHB Aaron Matthews
|
0-0: Called Strike 0-1: Swinging Strike 0-2: Strikes out swinging
|
Batting: LHB Chris Eaker
|
0-0: Ball 1-0: DOUBLE (Line Drive, 89D, EV 99.4 MPH) Yuichi Takata scores Colin Boddy to third Runner from 3rd tries for Home, SAFE, no throw by CF
|
Batting: LHB Jim Pankratz
|
0-0: Ball 1-0: Called Strike 1-1: Ball 2-1: Ball 3-1: Called Strike 3-2: Foul Ball, location: 2F 3-2: Foul Ball, location: 2F 3-2: Ground out 6-3 (Groundball, 56, EV 98.8 MPH)
|
Top of the 6th over - 2 runs, 2 hits, 0 errors, 1 left on base; Omaha 5 - Durham 1 |
BOTTOM OF THE 6TH |
Durham Bulls batting - Pitching for Omaha Storm Chasers : RHP Antonio Santos
|
Batting: LHB Mark Marvin
|
0-0: Called Strike 0-1: Ball 1-1: Ball 2-1: Fly out, F8 (Line Drive, 8LD, EV 92.5 MPH)
|
Batting: LHB Davion Lewis
|
0-0: Foul Ball, location: 2F 0-1: Ball 1-1: Ball 2-1: Ball 3-1: Called Strike 3-2: Base on Balls
|
Batting: RHB David Ward
|
0-0: Ball 1-0: Ball 2-0: Ball 3-0: Base on Balls Davion Lewis to second
|
Pitching: RHP Adam Sullivan
|
|
Batting: SHB Brett McEwen
|
0-0: Called Strike 0-1: Foul Ball, location: 2F 0-2: Ball 1-2: Foul Ball, location: 2F 1-2: Ball 2-2: Strikes out swinging
|
Batting: LHB Jake Rheaume
|
0-0: Called Strike 0-1: Ball 1-1: Swinging Strike 1-2: Strikes out swinging
|
Bottom of the 6th over - 0 runs, 0 hits, 0 errors, 2 left on base; Omaha 5 - Durham 1 |
TOP OF THE 7TH |
Omaha Storm Chasers batting - Pitching for Durham Bulls : RHP Scott Shank
|
Pitching: RHP Eric Hudson
|
|
Batting: LHB Robby Diaz
|
0-0: Ball 1-0: Called Strike 1-1: Ball 2-1: Called Strike 2-2: Strikes out swinging
|
Batting: LHB Manny Estrada
|
0-0: Foul Ball, location: 2F 0-1: Swinging Strike 0-2: Ball 1-2: Foul Ball, location: 2F 1-2: Strikes out swinging
|
Batting: RHB Walt Cogswell
|
0-0: Swinging Strike 0-1: Fly out, F8 (Flyball, 78D, EV 103.1 MPH)
|
Top of the 7th over - 0 runs, 0 hits, 0 errors, 0 left on base; Omaha 5 - Durham 1 |
BOTTOM OF THE 7TH |
Durham Bulls batting - Pitching for Omaha Storm Chasers : RHP Adam Sullivan
|
Batting: RHB Kevin Benfield
|
0-0: Ball 1-0: Called Strike 1-1: Swinging Strike 1-2: Foul Ball, location: 2F 1-2: Ball 2-2: Ball 3-2: Foul Ball, location: 2F 3-2: Base on Balls
|
Batting: RHB Jonathan Fraire
|
0-0: Ball 1-0: Sac Bunt to 15S - play at first, batter safe! Kevin Benfield to second
|
Batting: LHB Mario Ocana
|
0-0: Ball 1-0: Grounds into double play, 4-6-3 (Groundball, 4, EV 84.4 MPH) Kevin Benfield to third
|
Batting: RHB Nick Sharp
|
0-0: Called Strike 0-1: DOUBLE (Groundball, 5L, EV 107.5 MPH) Kevin Benfield scores
|
Batting: LHB Mark Marvin
|
0-0: Called Strike 0-1: Ball 1-1: Swinging Strike 1-2: Strikes out looking
|
Bottom of the 7th over - 1 run, 2 hits, 0 errors, 1 left on base; Omaha 5 - Durham 2 |
TOP OF THE 8TH |
Omaha Storm Chasers batting - Pitching for Durham Bulls : RHP Eric Hudson
|
Pitching: RHP Ray Willenbrink
|
|
Batting: SHB Ryoji Hiraoka
|
0-0: Ball 1-0: Ball 2-0: Fly out, F7 (Line Drive, 7LM, EV 103.1 MPH)
|
Batting: RHB Yuichi Takata
|
0-0: Called Strike 0-1: Ball 1-1: Ball 2-1: Ball 3-1: Foul Ball, location: 2F 3-2: Foul Ball, location: 2F 3-2: Base on Balls
|
Batting: RHB Colin Boddy
|
0-0: SINGLE (Line Drive, 34D, EV 96.9 MPH) Yuichi Takata to second Runner from 2nd tries for 3rd, SAFE, throw by RF made to third
|
Batting: RHB Aaron Matthews
|
0-0: Called Strike 0-1: Ball 1-1: Swinging Strike 1-2: Ball 2-2: Ball 3-2: Ground out 5-3 (Groundball, 56, EV 100.6 MPH) Colin Boddy to second
|
Batting: LHB Chris Eaker
|
0-0: Ball 1-0: Ball 2-0: Swinging Strike 2-1: Called Strike 2-2: DOUBLE (Groundball, 3L, EV 101.9 MPH) Yuichi Takata scores Colin Boddy scores
|
Batting: LHB Jim Pankratz
|
0-0: Ball 1-0: Swinging Strike 1-1: Fly out, F8 (Flyball, 8LM, EV 86.2 MPH)
|
Top of the 8th over - 2 runs, 2 hits, 0 errors, 1 left on base; Omaha 7 - Durham 2 |
BOTTOM OF THE 8TH |
Durham Bulls batting - Pitching for Omaha Storm Chasers : RHP Adam Sullivan
|
Batting: LHB Davion Lewis
|
0-0: Called Strike 0-1: Ball 1-1: SINGLE (Groundball, 4D, EV 95.6 MPH)
|
Batting: RHB David Ward
|
0-0: Ball 1-0: Fly out, F6 (Popup, 4M, EV 56.2 MPH)
|
Batting: SHB Brett McEwen
|
0-0: Swinging Strike 0-1: Ball Wild Pitch! Davion Lewis to second 1-1: Ground out 4-3 (Groundball, 4S, EV 88.1 MPH) Davion Lewis to third
|
Pitching: RHP Ken Hall
|
|
Batting: LHB Jake Rheaume
|
0-0: Ball 1-0: Ball 2-0: Called Strike 2-1: DOUBLE (Line Drive, 8LXD, EV 107.5 MPH) Davion Lewis scores
|
Batting: RHB Kevin Benfield
|
0-0: Swinging Strike 0-1: Called Strike 0-2: Ball 1-2: Foul Ball, location: 2F 1-2: Strikes out swinging
|
Bottom of the 8th over - 1 run, 2 hits, 0 errors, 1 left on base; Omaha 7 - Durham 3 |
TOP OF THE 9TH |
Omaha Storm Chasers batting - Pitching for Durham Bulls : RHP Ray Willenbrink
|
Batting: LHB Robby Diaz
|
0-0: DOUBLE (Flyball, 8RXD, EV 114.4 MPH)
|
Batting: LHB Manny Estrada
|
0-0: Ball 1-0: Foul Ball, location: 2F 1-1: Ball 2-1: Called Strike 2-2: Foul Ball, location: 2F 2-2: Strikes out swinging
|
Batting: RHB Walt Cogswell
|
0-0: Ball 1-0: Ball 2-0: Called Strike 2-1: Foul Ball, location: 2F 2-2: Ball 3-2: Foul Ball, location: 2F 3-2: Foul Ball, location: 2F 3-2: Foul Ball, location: 2F 3-2: SINGLE (Groundball, 25, EV 62.5 MPH) (infield hit) Robby Diaz to third
|
Batting: SHB Ryoji Hiraoka
|
0-0: Ball 1-0: Foul Ball, location: 2F 1-1: Ball 2-1: Ball 3-1: Base on Balls Walt Cogswell to second
|
Batting: RHB Yuichi Takata
|
0-0: Called Strike 0-1: Fielders Choice at 2nd, 6-4 (Groundball, 6, EV 81.9 MPH) Robby Diaz scores Walt Cogswell to third
|
Batting: RHB Colin Boddy
|
0-0: Ball 1-0: Fielders Choice at 2nd, 6-4 (Groundball, 6, EV 90.6 MPH)
|
Top of the 9th over - 1 run, 2 hits, 0 errors, 2 left on base; Omaha 8 - Durham 3 |
BOTTOM OF THE 9TH |
Durham Bulls batting - Pitching for Omaha Storm Chasers : RHP Ken Hall
|
Batting: RHB Jonathan Fraire
|
0-0: Called Strike 0-1: Ball 1-1: Called Strike 1-2: Ball 2-2: Reached on error, E7 (Flyball, 78M, EV 78.8 MPH)
|
Batting: LHB Mario Ocana
|
0-0: Foul Ball, location: 2F 0-1: Grounds into double play, 3-6-1 (Groundball, 3, EV 75.6 MPH)
|
Batting: RHB Nick Sharp
|
0-0: Ball 1-0: Swinging Strike 1-1: Foul Ball, location: 2F 1-2: Foul Ball, location: 2F 1-2: Foul Ball, location: 2F 1-2: Ball 2-2: Ball 3-2: Ground out 4-3 (Groundball, 6M, EV 82.5 MPH)
|
Bottom of the 9th over - 0 runs, 0 hits, 1 error, 0 left on base; Omaha 8 - Durham 3 |
|